 Dungeon Crawl Stone Soup version 0.23.2-1-ga50397a (webtiles) character file.

Game seed: 1069771173953006218

378 dvd the Firebug (level 6, 0/33 HPs)
             Began as a Gargoyle Fire Elementalist on May 24, 2019.
             Was an Initiate of Vehumet.
             Slain by a killer bee (6 damage)
             ... on level 3 of the Dungeon.
             The game lasted 00:08:23 (3583 turns).

dvd the Firebug (Gargoyle Fire Elementalist)        Turns: 3583, Time: 00:08:24

Health: 0/33       AC: 13    Str: 11    XL:     6   Next: 74%
Magic:  0/11       EV: 12    Int: 17    God:    Vehumet [......]
Gold:   153        SH:  0    Dex: 11    Spells: 9/12 levels left

rFire    + . .     SeeInvis .   r - staff of earth
rCold    . . .     Gourm    .   (no shield)
rNeg     + . .     Faith    .   a - +0 robe
rPois    ∞         Spirit   .   o - +2 helmet
rElec    +         Reflect  .   (no cloak)
rCorr    .         Harm     .   s - +0 pair of gloves
MR       .....                  f - +2 pair of boots
Stlth    ++........             (no amulet)
HPRegen  0.11/turn              i - ring of protection from fire
MPRegen  0.12/turn              (no ring)

@: no status effects
A: negative energy resistance 1, electricity resistance, unbreathing,
petrification resistance, rot immunity, AC +4
a: Renounce Religion


You were on level 3 of the Dungeon.
You worshipped Vehumet.
Vehumet was noncommittal.
You were not hungry.

You visited 1 branch of the dungeon, and saw 5 of its levels.

You collected 153 gold pieces.

Inventory:

Hand Weapons
 b - a +1 dagger
 g - a +0 war axe
Armour
 a - a +0 robe (worn)
 f - a +2 pair of boots (worn)
 o - a +2 helmet (worn)
 s - a +0 pair of gloves (worn)
Magical Staves
 r - an uncursed staff of earth (weapon)
Jewellery
 i - a ring of protection from fire (left hand)
Scrolls
 h - a scroll of remove curse
 k - 2 scrolls of teleportation {unknown}
 m - 2 scrolls of fog {unknown}
 p - 3 scrolls of magic mapping {unknown}
 q - a scroll of blinking {unknown}
Potions
 d - 2 potions of invisibility {unknown}
 e - a potion of curing {unknown}
 j - 2 potions of cancellation {unknown}
 l - a potion of agility {unknown}
 n - a potion of brilliance {unknown}
Comestibles
 c - 4 rations


   Skills:
 + Level 0.8 Fighting
 + Level 1.1 Short Blades
 + Level 0.6 Staves
 + Level 2.2 Dodging
 + Level 3.0 Stealth
 + Level 3.7 Spellcasting
 + Level 2.8 Conjurations
 + Level 4.6 Fire Magic


You had 9 spell levels left.
You knew the following spells:

 Your Spells              Type           Power        Failure   Level  Hunger
a - Flame Tongue          Conj/Fire      ###..        3%          1    None
b - Throw Flame           Conj/Fire      ###...       5%          2    ##.....

Your spell library contained the following spells:

 Spells                   Type           Power        Failure   Level  Hunger
 Conjure Flame            Conj/Fire      ###.....     11%         3    ###....
 Inner Flame              Hex/Fire       ##......     19%         3    ###....
 Sticky Flame             Conj/Fire      ###.....     34%         4    ####...
 Fireball                 Conj/Fire      ###.......   67%         5    ######.


Dungeon Overview and Level Annotations

Branches:
Dungeon (5/15)
 Temple: D:4-7

Altars:
Gozag
Kikubaaqudgha
Makhleb
Okawaru
Uskayaw
Vehumet

Annotations:
D:4 Menkaure


Innate Abilities, Weirdness & Mutations

You are resistant to torment.
Your stone body is resilient. (AC +4)
You are immune to poison.
You resist negative energy. (rN+)
You are resistant to electric shocks. (rElec)
You can survive without breathing.
You are immune to petrification.
You are immune to rotting.


Message History

The killer bee stings you but does no damage.
The killer bee misses you.
Casting: Flame Tongue (safe; 3% risk of failure)
Confirm with . or Enter, or press ? or * to list all spells.
Aiming: Flame Tongue (safe; 3% risk of failure)
Press: ? - help, Shift-Dir - straight line, f - killer bee
Aim: a killer bee The flame tongue hits the killer bee but does no damage.
The killer bee misses you.
The killer bee stings you but does no damage.
You hit the killer bee.
The killer bee is lightly wounded.
The killer bee stings you but does no damage.
The killer bee stings you.
* * * LOW HITPOINT WARNING * * *
You miss the killer bee.
The killer bee is lightly wounded.
The killer bee stings you but does no damage.
The killer bee stings you.
You die...

#.# ##..# #[... #.# #..#
#.# ####. ##.# #..# #.#
## ...# #..# #.# # ####
#..# ##.## #..# #... ##
#..####..# #.
#........######## #.
#....(...@y...... #.
##############..########
#. .........# #..# #.
########.# #..# #. #.#
##..####### #. #.#
#.........## #. #.#
#...#####..# #.
#####.####÷..#####''####
#.
#............##........##
#.


You could see a killer bee.

Vanquished Creatures
  A scorpion (D:3)
  4 killer bees (D:3)
  A howler monkey (D:4)
  5 adders
  3 worms
  A dart slug (D:2)
  A leopard gecko (D:2)
  An orc (D:4)
  9 bats
  3 giant cockroaches
  9 goblins
  7 hobgoblins
  4 quokkas
  4 frilled lizards
  3 kobolds (D:1)
  A leopard gecko skeleton (D:3)
  A quokka skeleton (D:5)
  5 rats
63 creatures vanquished.

Vanquished Creatures (others)
  A human (D:4)
1 creature vanquished.

Grand Total: 64 creatures vanquished

Notes
Turn   | Place    | Note
-------+----------+-------------------------------------------
     0 | D:1      | dvd the Gargoyle Fire Elementalist began the quest for the
                  | Orb.
     0 | D:1      | Reached XP level 1. HP: 10/10 MP: 3/3
   393 | D:1      | Reached XP level 2. HP: 15/15 MP: 0/5
   468 | D:1      | Learned a level 2 spell: Throw Flame
  1489 | D:2      | Found a burning altar of Makhleb.
  1563 | D:2      | Reached XP level 3. HP: 19/19 MP: 0/6
  2065 | D:2      | Found an iron altar of Okawaru.
  2155 | D:2      | Found a radiant altar of Vehumet.
  2155 | D:2      | Found a hide-covered altar of Uskayaw.
  2155 | D:2      | Found an opulent altar of Gozag.
  2169 | D:2      | Became a worshipper of Vehumet
  2291 | D:2      | Reached XP level 4. HP: 24/24 MP: 2/8
  2362 | D:2      | Reached skill level 4 in Fire Magic
  2893 | D:3      | You fall through a shaft for 2 floors!
  2893 | D:5      | Entered Level 5 of the Dungeon
  2978 | D:5      | Noticed an ice beast
  3022 | D:4      | Reached XP level 5. HP: 14/28 MP: 0/9
  3028 | D:4      | Noticed Menkaure
  3174 | D:4      | Found an ancient bone altar of Kikubaaqudgha.
  3174 | D:4      | Noticed a human
  3177 | D:4      | Killed a human
  3562 | D:3      | Reached XP level 6. HP: 31/33 MP: 5/11
  3565 | D:3      | Reached skill level 1 in Short Blades
  3583 | D:3      | Slain by a killer bee

Skill      XL: |  1  2  3  4  5  6 |
---------------+-------------------+-----
Fire Magic     | 4 |  4.6
Spellcasting   | 3 |  3.7
Conjurations   | 2 |  2.8
Dodging        | 2 |  2.2
Short Blades   | 1 |  1.1
Stealth        | 3 |  3.0
Fighting       | |  0.8
Staves         | |  0.6

Action                   |  1- 3 |  4- 6 || total
-------------------------+-------+-------++-------
Melee: Unarmed           |    10 |       ||    10
       Dagger            |    35 |    11 ||    46
       Staff             |       |    21 ||    21
 Cast: Flame Tongue      |    80 |    57 ||   137
       Throw Flame       |     4 |     9 ||    13
  Use: Scroll            |     7 |     1 ||     8
 Stab: Sleeping          |     1 |     1 ||     2
  Eat: Chunk             |     6 |     4 ||    10
Armor: Robe              |    33 |    34 ||    67
Dodge: Dodged            |    60 |    46 ||   106
